 Dungeon Crawl Stone Soup version 0.21-a0-358-g8928369 (webtiles) character file.

331 Dfrag the Firebug (level 6, 19/41 HPs)
             Began as a Demonspawn Fire Elementalist on Oct 12, 2017.
             Quit the game on level 3 of the Dungeon.
             The game lasted 00:04:33 (2659 turns).

Dfrag the Firebug (Demonspawn Fire Elementalist)    Turns: 2659, Time: 00:04:34

Health: 19/41      AC:  6    Str:  8    XL:     6   Next: 26%
Magic:  1/11       EV: 12    Int: 19    God:
Gold:   149        SH:  0    Dex: 13    Spells: 5/12 levels left

rFire    + . .     SeeInvis .   l - +0 mace (curse)
rCold    . . .     Gourm    .   (no shield)
rNeg     . . .     Faith    .   f - +1 robe {rF+}
rPois    .         Spirit   .   (helmet restricted)
rElec    .         Reflect  .   (no cloak)
rCorr    .         Harm     .   (no gloves)
MR       .....                  (no boots)
Stlth    ++........             (no amulet)
HPRegen  0.13/turn              (no ring)
MPRegen  0.12/turn              (no ring)

@: very slightly contaminated
A: horns 2, yellow scales 2, rot immunity
a: no special abilities


You were on level 3 of the Dungeon.
You were not hungry.

You visited 1 branch of the dungeon, and saw 3 of its levels.

You collected 149 gold pieces.

Inventory:

Hand Weapons
 l - a cursed +0 mace (weapon)
 w - a +2 dagger of speed
Armour
 a - a +0 robe
 f - a +1 robe of fire resistance (worn)
 h - a +0 helmet
 o - a cursed +0 buckler
Scrolls
 e - 3 scrolls of identify {unknown}
 j - 2 scrolls of teleportation {unknown}
 q - a scroll of fog {unknown}
 r - a scroll of remove curse {unknown}
 y - a scroll of enchant armour {unknown}
Potions
 d - a potion of berserk rage {unknown}
 g - a potion of magic {unknown}
 i - a potion of lignification
 k - a potion of heal wounds {unknown}
 m - a potion of agility {unknown}
 s - a potion of degeneration {unknown}
 t - a potion of resistance {unknown}
 u - a potion of mutation {unknown}
Books
 b - a book of Flames

   Spells                             Type                      Level
   a - Flame Tongue                   Conjuration/Fire             1
   b - Throw Flame                    Conjuration/Fire             2
   c - Conjure Flame                  Conjuration/Fire             3
   d - Inner Flame                    Hexes/Fire                   3
   e - Sticky Flame                   Conjuration/Fire             4
   f - Fireball                       Conjuration/Fire             5
 v - a book of Minor Magic

   Spells                             Type                      Level
   a - Magic Dart                     Conjuration                  1
   b - Blink                          Translocation                2
   c - Call Imp                       Summoning                    2
   d - Slow                           Hexes                        2
   e - Conjure Flame                  Conjuration/Fire             3
   f - Mephitic Cloud                 Conjuration/Poison/Air       3
Comestibles
 c - 2 bread rations
 n - a royal jelly
 p - 5 fruits
 x - 4 chunks of flesh


   Skills:
 - Level 1.7 Dodging
 - Level 1.7 Stealth
 + Level 3.8 Spellcasting
 + Level 3.7 Conjurations
 + Level 4.3 Fire Magic


You had 5 spell levels left.
You knew the following spells:

 Your Spells              Type           Power        Failure   Level  Hunger
a - Flame Tongue          Conj/Fire      ###..        2%          1    None
b - Throw Flame           Conj/Fire      ###...       4%          2    ##.....
c - Sticky Flame          Conj/Fire      ###.....     26%         4    ####...


Dungeon Overview and Level Annotations

Branches:
Dungeon (3/15)

Altars:
Fedhas
Gozag
Wu Jian


Innate Abilities, Weirdness & Mutations

You have a pair of horns on your head.
You are mostly covered in yellow scales. (AC +3)
You are immune to rotting.


Message History

The flame tongue hits Sigmund.
Sigmund appears unharmed.
Sigmund is severely wounded.
Sigmund burns!
Sigmund gestures at you while chanting. You resist with some effort.
You hit Sigmund but do no damage. You headbutt Sigmund.
You kill Sigmund!
Your Fire Magic skill increases to level 4!
You have reached level 6!
Your experience leads to an increase in your attributes!
Increase (S)trength, (I)ntelligence, or (D)exterity?
You feel clever.
Your demonic ancestry asserts itself...
You feel immune to rotting.
Things that are here:
a scythe; a robe; the human corpse of Sigmund You butcher the human corpse of Sigmund.
x - 4 chunks of flesh
Things that are here:
a scythe; a robe; the human skeleton of Sigmund Are you sure you want to abandon this character and quit the game? (Confirm with "yes".)

### #..#############
#..............#
#..#..........# ####
#.....!.@)...# #####...
##)....###....# #.....##
#((..### ###.# #.#####
#.##.).#####..###.######
#######.####.....##...#.##....
#<....#..# ####..###.))##.###
#.....#..# #.#...#....##
#.....#..########...#####...##
#........................#.†..


There were no monsters in sight!

Vanquished Creatures
  Sigmund (D:3)
  4 gnolls (D:3)
  6 adders
  An ooze (D:1)
  2 dart slugs (D:1)
  3 leopard geckos
  5 orcs (D:3)
  10 bats
  4 giant cockroaches
  6 goblins
  3 hobgoblins (D:1)
  5 jackals (D:1)
  7 kobolds
  A quokka (D:3)
  A frilled lizard (D:2)
  6 rats
65 creatures vanquished.

Notes
Turn   | Place    | Note
-------+----------+-------------------------------------------
     0 | D:1      | Dfrag the Demonspawn Fire Elementalist began the quest for the Orb.
     0 | D:1      | Reached XP level 1. HP: 13/13 MP: 3/3
   131 | D:1      | Gained mutation: You are partially covered in yellow scales. (AC +2) [demonic ancestry]
   131 | D:1      | Reached XP level 2. HP: 3/19 MP: 0/5
   401 | D:1      | Reached skill level 3 in Fire Magic
   858 | D:1      | Gained mutation: You have a pair of small horns on your head. [demonic ancestry]
   858 | D:1      | Reached XP level 3. HP: 24/24 MP: 4/6
  1582 | D:2      | Found a faded altar of an unknown god.
  1584 | D:2      | Gained mutation: You have a pair of horns on your head. [demonic ancestry]
  1584 | D:2      | Reached XP level 4. HP: 28/30 MP: 6/8
  1804 | D:2      | Found an opulent altar of Gozag.
  1807 | D:2      | Found a blossoming altar of Fedhas.
  1810 | D:2      | Found an ornate altar of the Wu Jian Council.
  2231 | D:3      | Learned a level 2 spell: Throw Flame
  2236 | D:3      | Learned a level 4 spell: Sticky Flame
  2371 | D:3      | Gained mutation: You are mostly covered in yellow scales. (AC +3) [demonic ancestry]
  2371 | D:3      | Reached XP level 5. HP: 35/35 MP: 4/9
  2636 | D:3      | Noticed Sigmund
  2654 | D:3      | Killed Sigmund
  2654 | D:3      | Reached skill level 4 in Fire Magic
  2654 | D:3      | Gained mutation: You are immune to rotting. [demonic ancestry]
  2654 | D:3      | Reached XP level 6. HP: 19/41 MP: 0/11
  2659 | D:3      | Quit the game

Vault maps used:
D:1:      saegor_arrival_simple_b
D:2:      grunt_temple_overflow_diamond, first_bread,
          chequers_ecumenical_altar_island
D:3:      uniq_sigmund

Skill      XL: |  1  2  3  4  5 |
---------------+----------------+-----
Fire Magic     | 3 4 |  4.3
Conjurations   | 2 3 |  3.7
Spellcasting   | 3 |  3.8
Dodging        | |  1.7
Stealth        | |  1.7

Action                   |  1- 3 |  4- 6 || total
-------------------------+-------+-------++-------
Melee: Unarmed           |    64 |       ||    64
       Mace              |    12 |    19 ||    31
       Headbutt          |     1 |     4 ||     5
 Cast: Flame Tongue      |    62 |    55 ||   117
       Sticky Flame      |       |     1 ||     1
  Use: Potion            |       |     1 ||     1
 Stab: Sleeping          |     1 |       ||     1
  Eat: Chunk             |     3 |     3 ||     6
Armor: Robe              |    49 |    19 ||    68
       Skin              |       |     9 ||     9
Dodge: Dodged            |    76 |    42 ||   118

Table legend:
 A = Spawn XP
 B = Non-spawn XP
 C = Spawn XP percentage of total XP
 D = Spawn monster count
 E = Non-spawn monster count
 F = Spawn count percentage of total count
 G = Total turns spent on level
                    A         B        C        D         E        F      G
               +---------+---------+-------+---------+---------+-------+---------
         Total |       0 |     473 |   0.0 |       0 |      65 |   0.0 |  2659
               +---------+---------+-------+---------+---------+-------+---------
           D:1 |       0 |      50 |   0.0 |       0 |      22 |   0.0 |  1194
           D:2 |       0 |      60 |   0.0 |       0 |      16 |   0.0 |   908
           D:3 |       0 |     363 |   0.0 |       0 |      27 |   0.0 |   557
               +---------+---------+-------+---------+---------+-------+---------
